 Dungeon Crawl Stone Soup version 0.29-a0-23-ga79f92a (webtiles) character file.

Game seed: 7156236516877788689

15238 Illumine the Grappler (level 11, 0/114 HPs)
             Began as a Troll Chaos Knight on Jan 30, 2022.
             Was a Believer of Ru.
             Slain by a fire elemental (11 damage)
             ... led by Azrael
             ... on level 12 of the Dungeon.
             The game lasted 00:23:40 (10701 turns).

Illumine the Grappler (Troll Chaos Knight)         Turns: 10701, Time: 00:23:41

Health: 0/114      AC:  7    Str: 20    XL:     11   Next: 99%
Magic:  12/12      EV: 12    Int: 16    God:    Ru [**....]
Gold:   329        SH:  0    Dex: 13    Spells: 6/14 levels left

rFire   . . .      SeeInvis .     - Unarmed
rCold   . . .      Faith    .   (no shield)
rNeg    . . .      Spirit   .   a - +2 robe
rPois   +          Reflect  .   (helmet restricted)
rElec   .          Harm     .   L - +0 cloak
rCorr   .          Rampage  .   (gloves unavailable)
Will    +++..                   (boots unavailable)
Stlth   +.........              (no amulet)
HPRegen 1.09/turn               C - +4 ring of slaying
MPRegen 0.13/turn               K - ring "Payzijaw" {rPois Will+++ Str-2 Int+6 Dex+6}

@: about to teleport
A: large, unfitting armour, claws 3, low MP 1, regeneration 1, shaggy fur 1,
tough skin 1, hated by all, clumsy 1, mutation resistance 1, robust 1, weak 1
a: Renounce Religion


You were on level 12 of the Dungeon.
You worshipped Ru.
Ru was pleased with you.
You visited 3 branches of the dungeon, and saw 15 of its levels.

You collected 641 gold pieces.
You spent 312 gold pieces at shops.

Inventory:

Hand Weapons
 E - a +0 giant spiked club
 G - a +2 dire flail
 H - the +1 long sword "Ukhiebee" {pain, *Rage rF+ Str+7 SInv}
   (You found it on level 4 of the Dungeon)

   In the hands of one skilled in necromantic magic, it inflicts extra damage on
   living creatures.
   Str:       It affects your strength (+7).
   rF:        It protects you from fire.
   SInv:      It lets you see invisible.
   *Rage:     It berserks you when you make melee attacks (+20% chance).
 Q - the +9 trident "Jigiyn" {pain, rCorr}
   (You found it on level 10 of the Dungeon)

   In the hands of one skilled in necromantic magic, it inflicts extra damage on
   living creatures.
   rCorr:     It protects you from acid and corrosion.
Missiles
 l - 3 large rocks (quivered)
 B - 246 stones
 M - 2 curare-tipped darts
 T - 6 boomerangs
Armour
 a - a +2 robe (worn)
 m - a +0 tower shield
 L - a +0 cloak (worn)
Jewellery
 c - an amulet of guardian spirit
 i - a ring of flight
 p - a +4 ring of evasion
 u - a ring of fire
 C - a +4 ring of slaying (left claw)
 K - the ring "Payzijaw" (right claw) {rPois Will+++ Str-2 Int+6 Dex+6}
   (You found it on level 9 of the Dungeon)

   [ring of intelligence]

   Str:       It affects your strength (-2).
   Int:       It affects your intelligence (+6).
   Dex:       It affects your dexterity (+6).
   rPois:     It protects you from poison.
   Will:      It greatly increases your willpower.
 P - a +6 ring of strength
Wands
 o - a wand of paralysis (3)
 O - a wand of digging (5)
 R - a wand of acid (4)
 U - a wand of flame (7)
Scrolls
 g - 4 scrolls of blinking
 h - a scroll of summoning
 j - 7 scrolls of teleportation
 k - 2 scrolls of holy word
 n - 2 scrolls of fear
 q - 4 scrolls of vulnerability {unknown}
 r - 3 scrolls of enchant weapon {unknown}
 v - a scroll of amnesia {unknown}
 w - 2 scrolls of acquirement {unknown}
 x - 5 scrolls of fog {unknown}
 y - 2 scrolls of noise {unknown}
 D - 3 scrolls of immolation {unknown}
 N - a scroll of enchant armour {unknown}
 S - a scroll of identify
Potions
 b - 3 potions of magic
 d - 3 potions of might
 e - 7 potions of curing
 f - 2 potions of ambrosia
 s - a potion of brilliance {unknown}
 t - 2 potions of flight
 z - a potion of haste {unknown}
 F - a potion of attraction {unknown}
 I - a potion of mutation {unknown}
 J - a potion of heal wounds {unknown}
Miscellaneous
 A - a lightning rod (2/4)


   Skills:
 - Level 5.3 Fighting
 - Level 3.8 Throwing
 + Level 6.5 Dodging
 - Level 4.0 Shields
 - Level 11.1 Unarmed Combat
 - Level 2.3 Spellcasting
 * Level 8.6 Translocations


You had 6 spell levels left.
You knew the following spells:

 Your Spells              Type           Power      Damage    Failure   Level
a - Manifold Assault      Tloc           29%        N/A       16%         5
b - Blink                 Tloc           58%        N/A       1%          2
c - Apportation           Tloc           58%        N/A       1%          1

Your spell library contained the following spells:

 Spells                   Type           Power      Damage    Failure   Level
 Lesser Beckoning         Tloc           29%        N/A       1%          3
 Portal Projectile        Hex/Tloc       30%        N/A       11%         3
 Freeze                   Ice            4%         1d3       21%         1
 Pain                     Necr           4%         1d4       21%         1
 Conjure Flame            Conj/Fire      1%         6-21      52%         3
 Frozen Ramparts          Ice            2%         1d2       52%         3
 Ignite Poison            Fire/Tmut/Pois 1%         N/A       52%         3
 Mephitic Cloud           Conj/Pois/Air  1%         N/A       52%         3
 Vampiric Draining        Necr           1%         2d6       52%         3
 Hailstorm                Conj/Ice       1%         3d3       89%         4
 Leda's Liquefaction      Hex/Erth       0%         N/A       89%         4
 Sticky Flame             Conj/Fire      1%         2d3       89%         4
 Alistair's Intoxication  Tmut/Pois      0%         N/A       99%         5
 Blade Hands              Tmut           0%         N/A       99%         5
 Excruciating Wounds      Necr           0%         N/A       99%         5
 Freezing Cloud           Conj/Ice/Air   0%         6-21      99%         5
 Lee's Rapid Deconstruct  Erth           0%         3d5*      99%         5
 Statue Form              Tmut/Erth      0%         N/A       100%        6
 Animate Skeleton         Necr           Unusable   N/A       N/A         1

Dungeon Overview and Level Annotations

Branches:
Dungeon (12/15)            Temple (1/1) D:5            Lair (2/6) D:9
    Orc (0/2) D:9
  Swamp: Lair:2-4    Shoals: Lair:2-4     Snake: Lair:2-4    Spider: Lair:2-4

Altars:
Ashenzari
Cheibriados
Dithmenos
Elyvilon
Fedhas
Gozag
Hepliaklqana
Kikubaaqudgha
Makhleb
Nemelex Xobeh
Okawaru
Qazlal
Ru
Sif Muna
Trog
Uskayaw
Vehumet
Wu Jian
Xom
Yredelemnul
Zin
The Shining One
Beogh

Shops:
D:1 :

Annotations:
D:2 Sigmund
D:12 Azrael
Lair:1 exclusion: oklob plant


Innate Abilities, Weirdness & Mutations

You are too large for most types of armour.
You have claws for hands.
Your magical capacity is low. (-10% MP)
Your natural rate of healing is unusually fast.
You are covered in fur. (AC +1)
You have tough skin. (AC +1)
You are hated by all.
You are clumsy. (Dex -2)
You are somewhat resistant to further mutation.
You are robust. (+10% HP)
You are weak. (Str -2)


Message History

Aiming: Corrosive Bolt
Press: ? - help, Shift-Dir - straight line, f - Azrael
Aim: Azrael, wielding a +1 scimitar of flaming (90% to hit)
The bolt of acid hits the hell hound!
The acid corrodes the hell hound!
The hell hound is heavily wounded.
The bolt of acid hits Azrael.
The acid corrodes Azrael!
Azrael is lightly wounded.
The bolt of acid hits the fire elemental!
The acid corrodes the fire elemental!
The fire elemental is moderately damaged.
You hear a shout!
The hell hound bites you. The hell hound misses you. x2
Unknown command.
Okay, then.
Okay, then.
The hell hound bites you! Azrael gestures at you. The sticky flame hits you.
You are covered in liquid flames!
You are covered in liquid flames!
The hell hound breathes flames at you. The blast of flame hits you!!
Azrael begins to attack, but is stunned by your conviction!
You are covered in liquid flames!
You are no longer on fire.
The hell hound breathes flames at you. The blast of flame hits you!!
* * * LOW HITPOINT WARNING * * *
You open the door. The hell hound barely misses you.
As you read the scroll of teleportation, it crumbles to dust.
You feel strangely unstable.
The hell hound stops glowing.
The hell hound breathes flames at you.
The blast of flame hits the fire elemental.
The fire elemental completely resists.
The blast of flame hits the hell hound.
The hell hound completely resists.
The blast of flame hits you!
* * * LOW HITPOINT WARNING * * *
The hell hound bites you!
* * * LOW HITPOINT WARNING * * *
The fire elemental hits you. The fire elemental burns you!
You die...

#####+
#...###########
##.....##.....#
#"............#
#.............#
#............#
#............#
#.....R......#
#...h☼Eh.....#
#...○○##@...##
#..EEh##E###...#
##..☼☼○.#☼.....##
......○..#°.E...#
....○.°.[#.○....#
.........#°....○#
....°....#......#
../.....°#......#
........'EER...#


You could see Azrael (corroded), 3 fire elementals and 2 hell hounds.

Vanquished Creatures
  A boulder beetle (D:12)
  3 two-headed ogres
  Joseph (Lair:1)
  6 cane toads
  2 kobold demonologists
  3 komodo dragons
  3 trolls
  A polar bear (Lair:1)
  A wraith (D:10)
  A basilisk (D:11)
  21 yaks
  3 vampire mosquitoes (D:11)
  6 water moccasins
  5 orc warriors
  A black bear (D:8)
  4 ogres
  2 centaurs
  A necrophage (D:5)
  A phantom (D:4)
  3 bullfrogs
  3 kobold brigands
  3 gnoll sergeants
  2 scorpions
  A wyvern zombie (D:8)
  6 killer bees
  A howler monkey (D:6)
  8 wights
  4 electric eels
  4 centaur zombies
  A bullfrog skeleton (D:5)
  A gnoll shaman (D:5)
  7 orc priests
  A centaur skeleton (D:7)
  4 iguanas
  2 orc wizards
  A hound skeleton (D:5)
  A howler monkey zombie (D:9)
  16 gnolls
  2 adders
  A white imp (D:7)
  2 ufetubi
  An adder skeleton (D:4)
  A worm (D:2)
  A dart slug (D:1)
  22 orcs
  3 ball pythons
  3 bats
  4 endoplasms (D:2)
  4 giant cockroaches (D:3)
  2 goblins
  8 hobgoblins
  12 jackals (D:3)
  19 kobolds
  4 quokkas (D:1)
  3 frilled lizards
  3 rats
230 creatures vanquished.

Vanquished Creatures (others)
  2 fungi (Lair:1)
  11 plants
13 creatures vanquished.

Grand Total: 243 creatures vanquished

Notes
Turn   | Place    | Note
-------+----------+-------------------------------------------
     0 | D:1      | Illumine the Troll Chaos Knight began the quest for the
                  | Orb.
     0 | D:1      | Reached XP level 1. HP: 22/22 MP: 0/0
   181 | D:1      | Found Dywkof's Book Shop.
   280 | D:1      | Reached XP level 2. HP: 29/29 MP: 1/1
   401 | D:1      | XOM: divination: magic mapping
   717 | D:1      | Reached skill level 4 in Unarmed Combat
   802 | D:1      | Reached XP level 3. HP: 35/36 MP: 2/2
   893 | D:1      | XOM: silly message
   972 | D:2      | XOM: divination: magic mapping
  1017 | D:2      | XOM: silly message
  1062 | D:2      | You are sucked into a shaft and drop 1 floor!
  1220 | D:3      | XOM: divination: magic mapping
  1302 | D:3      | Reached skill level 5 in Unarmed Combat
  1302 | D:3      | Reached XP level 4. HP: 21/44 MP: 3/3
  1447 | D:3      | XOM: god gift: scroll labelled VAGGUSO WINO {god gift}
  1575 | D:3      | XOM: scenery: create altars
  1815 | D:4      | Noticed a phantom
  1825 | D:4      | Killed a phantom
  1826 | D:4      | Reached skill level 6 in Unarmed Combat
  1826 | D:4      | Reached XP level 5. HP: 39/50 MP: 4/4
  1840 | D:4      | XOM is BORED!
  1840 | D:4      | XOM: give mutation
  1840 | D:4      | Gained mutation: You are somewhat resistant to further
                  | mutation. [Xom's mischief]
  1994 | D:4      | XOM: potion effect (invisibility)
  1997 | D:4      | Reached XP level 6. HP: 49/59 MP: 5/5
  2049 | D:4      | XOM: cast spell 'Leda's Liquefaction'
  2058 | D:4      | Reached skill level 7 in Unarmed Combat
  2154 | D:4      | XOM: divination: detect items
  2187 | D:4      | Identified the +1 long sword "Ukhiebee" {pain, *Rage rF+
                  | Str+7 SInv}
  2431 | D:5      | Entered Level 5 of the Dungeon
  2581 | D:5      | Reached skill level 8 in Unarmed Combat
  2581 | D:5      | Reached XP level 7. HP: 40/66 MP: 6/6
  2611 | D:5      | XOM: cast spell 'Summon Ice Beast'
  2620 | D:5      | XOM: noise
  2635 | D:5      | XOM: divination: detect creatures
  2766 | D:5      | XOM: divination: detect creatures
  2821 | D:5      | Reached skill level 1 in Shields
  2971 | D:5      | Found a staircase to the Ecumenical Temple.
  3043 | Temple   | Entered the Ecumenical Temple
  3189 | Temple   | XOM: noise
  3456 | D:5      | XOM: god gift: 21 stones
  3509 | D:5      | XOM: summons 4 hostile demons
  3853 | D:6      | XOM: smoke on damage
  3983 | D:6      | Reached XP level 8. HP: 62/75 MP: 7/7
  4017 | D:6      | XOM: noise
  4018 | D:6      | Noticed a kobold demonologist
  4019 | D:6      | XOM: scenery: summon butterflies
  4025 | D:6      | XOM: enchant monster (good)
  4029 | D:6      | Killed a kobold demonologist
  4030 | D:6      | Reached skill level 9 in Unarmed Combat
  4075 | D:6      | XOM: draining
  4636 | D:7      | XOM: enchant monster (bad)
  4894 | D:1      | Bought a book of Spatial Translocations for 312 gold pieces
  4900 | D:1      | Learned a level 5 spell: Manifold Assault
  4903 | D:1      | Learned a level 2 spell: Blink
  4977 | D:2      | Noticed Sigmund
  5055 | D:3      | XOM: summons 3 hostile shadow creatures
  5381 | D:7      | XOM: summons 5 hostile demons
  5384 | D:7      | XOM: cast spell 'Summon Mana Viper'
  5494 | D:7      | XOM is BORED!
  5494 | D:7      | XOM: give mutations
  5494 | D:7      | Gained mutation: You are clumsy. (Dex -2) [Xom's mischief]
  5494 | D:7      | Gained mutation: You are weak. (Str -2) [Xom's mischief]
  5494 | D:7      | Gained mutation: You are robust. (+10% HP) [Xom's mischief]
  5657 | D:7      | XOM: summons 7 friendly demons
  5664 | D:7      | Reached skill level 1 in Throwing
  5672 | D:7      | Reached XP level 9. HP: 90/92 MP: 8/8
  5905 | D:8      | XOM: divination: detect creatures
  5939 | D:8      | Reached skill level 1 in Translocations
  6011 | D:8      | Found a sacrificial altar of Ru.
  6020 | D:8      | Fell from the grace of Xom
  6020 | D:8      | Became a worshipper of Ru the Awakened
  6042 | D:8      | Reached skill level 1 in Spellcasting
  6242 | D:8      | Reached skill level 10 in Unarmed Combat
  6641 | D:8      | XOM: stat loss: -2 Int (8/10)
  6757 | D:9      | Identified the ring "Payzijaw" {rPois Will+++ Str-2 Int+6
                  | Dex+6}
  6922 | D:9      | Gained mutation: Your magical capacity is low. (-10% MP)
                  | [Ru sacrifice]
  6995 | D:9      | Found a staircase to the Orcish Mines.
  7171 | D:9      | Reached XP level 10. HP: 89/103 MP: 8/10
  7201 | D:9      | Noticed a two-headed ogre
  7209 | D:9      | Killed a two-headed ogre
  7277 | D:9      | XOM: stat loss: -2 Dex (11/13)
  7446 | D:9      | Found a staircase to the Lair.
  7461 | D:9      | Reached skill level 5 in Fighting
  7561 | D:9      | Noticed a two-headed ogre
  7570 | D:9      | Killed a two-headed ogre
  7717 | Lair:1   | Entered Level 1 of the Lair of Beasts
  7734 | Lair:1   | Noticed Joseph
  7752 | Lair:1   | Killed Joseph
  7822 | Lair:1   | Reached skill level 11 in Unarmed Combat
  7823 | Lair:1   | Reached skill level 5 in Dodging
  7862 | Lair:1   | Found a shimmering altar of Xom.
  7892 | Lair:1   | Noticed a cane toad
  7895 | Lair:1   | Killed a cane toad
  7987 | Lair:1   | Noticed a cane toad
  7987 | Lair:1   | Noticed a cane toad
  8011 | Lair:1   | Killed a cane toad
  8348 | Lair:1   | Killed a cane toad
  8348 | Lair:1   | Noticed a cane toad
  8349 | Lair:1   | Reached skill level 5 in Translocations
  8354 | Lair:1   | Noticed a cane toad
  8367 | Lair:2   | Found a broken altar of Ashenzari.
  8368 | Lair:2   | Killed a cane toad
  8369 | Lair:2   | Reached XP level 11. HP: 36/114 MP: 3/12
  8536 | Lair:1   | Noticed an oklob plant
  8550 | Lair:1   | XOM: noise
  8858 | Lair:1   | XOM: noise
  9272 | D:10     | Entered Level 10 of the Dungeon
  9463 | D:10     | Identified the +9 trident "Jigiyn" {pain, rCorr}
  9878 | D:11     | Noticed a two-headed ogre
  9886 | D:11     | Killed a two-headed ogre
  9910 | D:11     | XOM: summons 1 hostile shadow creature
  9976 | D:11     | XOM: 2-stop teleportation journey
 10094 | D:11     | Learned a level 1 spell: Apportation
 10198 | D:11     | Gained mutation: You are hated by all. [Ru sacrifice]
 10198 | D:11     | Reached * piety under Ru
 10198 | D:11     | Reached ** piety under Ru
 10452 | D:11     | XOM: noise
 10613 | D:12     | Noticed a boulder beetle
 10626 | D:12     | Killed a boulder beetle
 10664 | D:12     | Noticed Azrael
 10664 | D:12     | XOM: 1-stop teleportation journey
 10701 | D:12     | Slain by a fire elemental

Illustrated notes

Levels and vault maps discovered:
D:1:      lightli_arrival_statue_moat, layout_loops_corners, serial_shops,
          nicolae_shop_behind_doors
D:2:      layout_loops_ring, uniq_sigmund
D:3:      layout_basic, hangedman_decor_peaks_small
D:4:      layout_loops_cross, solitary_fountain, kennysheep_generic_room_8
D:5:      layout_cave_pools, minmay_temple_entry_fiery, dk_noncrumbling_2,
          lightli_minifort
D:6:      minmay_cornered_nines, layout_basic, kennysheep_minor_cross
D:7:      layout_basic, chequers_big_river, minivault_23,
          mrwooster_statue_mirror, minmay_misc_feat_enclosed
D:8:      cheibrodos_helix_gallery, layout_cave_pools, hangedman_ru_absence,
          minmay_misc_feat_rugged, grunt_decor_mini_mirrors,
          david_defended_altar_orc
D:9:      layout_basic, david_lair_shrubbed, orc_david_3
D:10:     layout_roguey
D:11:     layout_basic, serial_bayou_pond_e
D:12:     layout_gridville, serial_bayou_pond_c, kennysheep_generic_room_14,
          uniq_azrael, uniq_kirke, uniq_snorg
Temple:   mainiacjoe_temple_circle_huts
Lair:1:   dpeg_oklob_gauntlet, layout_cave_pods, basic_altar,
          beast_lair_carwin_3, serial_bayou_shore_b, uniq_joseph
Lair:2:   layout_gridlike, minmay_swamp_entry_worms, basic_altar, uniq_gastronok

Skill      XL: |  1  2  3  4  5  6  7  8  9 10 11 |
---------------+----------------------------------+-----
Unarmed Combat | 4 5 6 8 9 10 11 | 11.1
Dodging        | 2 3 4 5 6 |  6.5
Shields        | 1 3 4 |  4.0
Fighting       | 3 4 5 |  5.3
Throwing       | 1 3 |  3.8
Translocations | 2 5 8 |  8.6
Spellcasting   | 1 2 |  2.3

Action                   |  1- 3 |  4- 6 |  7- 9 | 10-12 || total
-------------------------+-------+-------+-------+-------++-------
Melee: Unarmed           |   109 |    86 |   279 |   265 ||   739
       Punch             |     2 |       |    15 |    31 ||    48
Throw: Large rock        |       |       |     8 |    14 ||    22
       Stone             |       |       |    10 |     5 ||    15
 Cast: Manifold Assault  |       |       |       |     7 ||     7
Invok: Sacrifice Essence |       |       |     1 |       ||     1
       Sacrifice Love    |       |       |       |     1 ||     1
Evoke: Lightning rod     |       |       |     2 |     4 ||     6
       Wand              |       |       |       |     1 ||     1
  Use: Scroll            |       |       |     8 |     4 ||    12
 Stab: Sleeping          |     1 |       |     1 |       ||     2
Armor: Robe              |    47 |    24 |    56 |    39 ||   166
Dodge: Dodged            |    50 |    33 |   195 |   116 ||   394

Table legend: (Time is in decaauts)
 A = Elapsed time spent in this place.
 B = Non-inter-level travel time spent in this place.
 C = Inter-level travel time spent in this place.
 D = Time resting spent in this place.
 E = Time spent auto-exploring this place.
 F = Levels seen in this place.
 G = Mean time per level.
                   A        B        C        D        E       F      G
               +--------+--------+--------+--------+--------+-----+--------+
         Total |  10634 |   9837 |    797 |    742 |   6976 |  15 |  708.9 |
       Dungeon |   8801 |   8134 |    667 |    559 |   5802 |  12 |  733.4 |
        Temple |    328 |    300 |     28 |      0 |    271 |   1 |  328.0 |
          Lair |   1504 |   1402 |    102 |    183 |    903 |   2 |  752.0 |
               +--------+--------+--------+--------+--------+-----+--------+

Top non-repeatable levels by time:
  Lair:1: 1219 daAuts
     D:6: 993 daAuts
     D:1: 989 daAuts
     D:9: 963 daAuts
     D:3: 957 daAuts
     D:5: 885 daAuts
     D:8: 884 daAuts
     D:4: 750 daAuts
     D:7: 705 daAuts
    D:11: 634 daAuts
    D:10: 591 daAuts
  Temple: 328 daAuts
  Lair:2: 284 daAuts
     D:2: 266 daAuts
    D:12: 179 daAuts
